 Dungeon Crawl Stone Soup version 0.20.0-15-g7f486f2 (webtiles) character file.

216 Hook the Grave Robber (level 5, 0/38 HPs)
             Began as a Hill Orc Necromancer on June 21, 2017.
             Slain by Grinder (2 damage)
             ... on level 4 of the Dungeon.
             The game lasted 00:11:29 (2983 turns).

Hook the Grave Robber (Hill Orc Necromancer)        Turns: 2983, Time: 00:11:30

Health: 0/38       AC:  5    Str: 11    XL:     5   Next: 93%
Magic:  9/9        EV: 12    Int: 16    God:
Gold:   152        SH:  0    Dex: 11    Spells: 1/10 levels left

rFire    . . .     SeeInvis .   m - +0 dagger (venom)
rCold    . . .     Gourm    .   (no shield)
rNeg     . . .     Faith    .   a - +2 robe
rPois    .         Spirit   .   (no helmet)
rElec    .         Reflect  .   p - +0 cloak
rCorr    .         Harm     .   (no gloves)
MR       .....                  (no boots)
Stlth    ++........             (no amulet)
Regen    0.2/turn               (no ring)
MPRegen  0.2/turn               (no ring)

@: no status effects
A: no striking features
a: no special abilities


You were on level 4 of the Dungeon.
You were not hungry.

You visited 1 branch of the dungeon, and saw 4 of its levels.

You collected 152 gold pieces.

Inventory:

Hand Weapons
 m - a +0 dagger of venom (weapon)
Armour
 a - a +2 robe (worn)
 p - a +0 cloak (worn)
Jewellery
 e - a cursed -5 ring of intelligence {unknown}
Scrolls
 d - a scroll of immolation {unknown}
 h - 3 scrolls of identify
 i - 4 scrolls of remove curse
 j - a scroll of recharging {unknown}
 o - a scroll of blinking
 q - a scroll of enchant weapon
 r - 2 scrolls of random uselessness {unknown}
Potions
 k - 2 potions of resistance {unknown}
 l - 4 potions of curing {unknown}
 n - a potion of haste {unknown}
Books
 b - a book of Necromancy

   Spells                             Type                      Level
   a - Pain                           Necromancy                   1
   b - Animate Skeleton               Necromancy                   1
   c - Vampiric Draining              Necromancy                   3
   d - Regeneration                   Charms/Necromancy            3
   e - Animate Dead                   Necromancy                   4
   f - Control Undead                 Necromancy                   4
Comestibles
 c - 2 bread rations
 f - 4 royal jellies
 g - 3 meat rations
 s - 2 chunks of flesh


   Skills:
 + Level 1.1 Short Blades
   Level 0.7 Maces & Flails
 * Level 2.2 Dodging
 + Level 1.5 Stealth
 * Level 3.1 Spellcasting
 * Level 5.2 Necromancy


You had one spell level left.
You knew the following spells:

 Your Spells              Type           Power        Failure   Level  Hunger
a - Pain                  Necr           ###.         2%          1    None
b - Animate Skeleton      Necr           N/A          2%          1    None
c - Vampiric Draining     Necr           ###.......   6%          3    ###....
d - Animate Dead          Necr           N/A          22%         4    ####...


Dungeon Overview and Level Annotations

Branches:
Dungeon (4/15)
 Temple: D:4-7

Altars:

Annotations:
D:4 Grinder


Message History

Grinder gestures at you.
You suddenly lose the ability to move!
The phantom blinks!
The hound bites you.
The leopard gecko hisses menacingly.
Grinder blinks!
The hound bites you. The hound completely misses you. The hound bites you.
Grinder says, "DUCK!"
Grinder hits you.
You writhe in agony.
The hound bites you. The hound bites you but does no damage.
Grinder says, "Tell me all your secrets, or I'll kill you."
Grinder hits you but does no damage. The hound bites you but does no damage.
Grinder hits you.
* * * LOW HITPOINT WARNING * * *
You writhe in agony.
* * * LOW HITPOINT WARNING * * *
The hound barely misses you.
You can move again.
Grinder hits you.
You die...

#...# ##...####+####
#............#
#............# ...
#.s...g......# #...
######l####.##...#
#...##...##.####.##...#
.........5h...........#
..........@.W.........#
......................#
...................5..#
......................#
..####..##+###.####...#
.ยง####..## #.# ...#
.........# ... ..#
.........# ...
.........# ..


You could see Grinder, a phantom, a hound, a leopard gecko and a giant
cockroach.

Vanquished Creatures
  A sky beast (D:3)
  Robin (D:2)
  3 adders
  2 worms
  2 dart slugs (D:1)
  2 leopard geckos (D:3)
  3 orcs (D:3)
  A ball python (D:1)
  7 bats
  7 giant cockroaches (D:2)
  6 goblins
  10 hobgoblins
  A jackal (D:3)
  7 kobolds
  4 frilled lizards
  7 rats
64 creatures vanquished.

Vanquished Creatures (collateral kills)
  A dart slug (D:2)
  3 goblins (D:2)
  2 jackals (D:3)
6 creatures vanquished.

Grand Total: 70 creatures vanquished

Notes
Turn   | Place    | Note
-------+----------+-------------------------------------------
     0 | D:1      | Hook the Hill Orc Necromancer began the quest for the Orb.
     0 | D:1      | Reached XP level 1. HP: 14/14 MP: 3/3
   180 | D:1      | Reached XP level 2. HP: 11/20 MP: 0/4
   434 | D:1      | Learned a level 1 spell: Animate Skeleton
   755 | D:1      | Reached XP level 3. HP: 22/26 MP: 1/5
  1311 | D:1      | Learned a level 3 spell: Vampiric Draining
  1586 | D:2      | Noticed Robin
  1593 | D:2      | Killed Robin
  1593 | D:2      | Reached XP level 4. HP: 29/33 MP: 1/7
  2048 | D:3      | Noticed a sky beast
  2068 | D:3      | Killed a sky beast
  2068 | D:3      | Reached skill level 1 in Short Blades
  2068 | D:3      | Reached skill level 5 in Necromancy
  2068 | D:3      | Reached XP level 5. HP: 21/38 MP: 1/9
  2370 | D:3      | Learned a level 4 spell: Animate Dead
  2954 | D:4      | Noticed a phantom
  2968 | D:4      | Noticed Grinder
  2977 | D:4      | Paralysed by Grinder for 6 turns
  2983 | D:4      | Slain by Grinder

Skill      XL: |  1  2  3  4 |
---------------+-------------+-----
Spellcasting   | 2 3 |  3.1
Dodging        | 2 |  2.2
Short Blades   | 1 |  1.1
Necromancy     | 5 |  5.2
Maces & Flails | |  0.7
Stealth        | |  1.5

Action                   |  1- 3 |  4- 6 || total
-------------------------+-------+-------++-------
Melee: Club              |    29 |       ||    29
       Unarmed           |     1 |       ||     1
       Dagger            |     3 |    95 ||    98
 Cast: Pain              |    47 |    26 ||    73
       Animate Skeleton  |     8 |    12 ||    20
       Vampiric Draining |     1 |     3 ||     4
       Animate Dead      |       |     1 ||     1
  Use: Scroll            |     6 |     1 ||     7
 Stab: Sleeping          |     1 |     2 ||     3
       Distracted        |       |     1 ||     1
  Eat: Chunk             |     2 |     2 ||     4
       Bread ration      |     1 |       ||     1
Armor: Robe              |    10 |    53 ||    63
Dodge: Dodged            |    25 |    76 ||   101
